Sharks vs Flames
Created - 17 avril 2015 at 19:00
Goals
|
| Sharks |
0 |
1 |
0 |
1 |
| Flames |
1 |
1 |
1 |
3 |
|
Shots
|
| Sharks |
7 |
14 |
9 |
30 |
| Flames |
11 |
17 |
7 |
35 |
|
1st period
1. Flames , Mark Bell 1 (Michal Handzus) at 9:58
Penalties :
Paul Gaustad (SJS) for Holding (Minor) at 1:09, Dany Heatley (SJS) for High sticking (Minor) at 7:18
2nd period
2. Sharks , David Legwand 1 (Alex Pietrangelo, Paul Gaustad) at 4:02 (PP)
3. Flames , Eric Staal 2 (David Backes, Alexander Semin) at 10:25
Penalties :
Eric Staal (Cal) for Slashing (Minor) at 3:47, Alex Pietrangelo (SJS) for Tripping (Minor) at 6:12, Paul Gaustad (SJS) for Interference (Minor) at 18:28
3rd period
4. Flames , Milan Hejduk 1 (Patrik Berglund) at 17:08 (PP)
Penalties :
Alexander Semin (Cal) for High sticking (Minor) at 0:27, Shaone Morrisonn (SJS) for Holding (Minor) at 16:11, Joe Sakic (SJS) for Roughing (Minor) at 16:34
Goalie Stats
Mike Brodeur (SJS), 32 saves from 35 shots - (0,914), L, 1-1-0, 60:00 minutes
Pekka Rinne (Cal), 29 saves from 30 shots - (0,967), W, 1-1-0, 60:00 minutes
Players Stats for Sharks
Player Name G A P +/- PIM S H SB GA TA FO MP PP MP PK MP
------------------------------------------------------------------------------------
Alex Pietrangelo 0 1 1 0 2 3 0 1 0 0 0/0 17:55 1:27 0:00
Antoine Vermette 0 0 0 -2 0 2 1 0 2 0 13/31 18:40 0:45 2:28
Brandon Yip 0 0 0 0 0 2 4 0 0 0 0/1 10:35 0:00 0:00
Daniel Alfredsson 0 0 0 0 0 2 1 2 0 1 2/4 20:27 0:45 2:14
Dany Heatley 0 0 0 0 2 3 1 3 0 1 0/2 23:39 1:29 4:41
David Hale 0 0 0 -1 0 1 0 1 0 0 0/0 22:26 0:00 4:03
David Legwand 1 0 1 0 0 2 1 0 0 0 4/8 9:53 0:15 0:00
Francis Bouillon 0 0 0 -1 0 0 0 0 0 0 0/0 11:45 0:47 0:00
Joe Sakic 0 0 0 0 2 0 1 2 0 0 5/14 15:00 0:45 4:47
Johnny Boychuk 0 0 0 -1 0 2 1 6 1 1 0/0 27:51 0:47 6:15
Lasse Kukkonen 0 0 0 0 0 3 0 0 0 2 0/0 25:49 1:27 6:15
Markus Naslund 0 0 0 -2 0 2 0 0 0 0 1/1 14:14 0:19 2:20
Martin Samuelsson 0 0 0 0 0 0 0 1 0 0 0/0 11:52 0:00 2:47
Niklas Sundstrom 0 0 0 0 0 1 0 0 0 0 0/0 8:45 0:00 0:00
Paul Gaustad 0 1 1 0 4 2 1 0 0 1 5/12 14:10 1:29 0:28
Shaone Morrisonn 0 0 0 -1 2 2 0 0 1 1 0/0 14:17 0:00 4:03
Ted Purcell 0 0 0 -2 0 3 1 0 0 0 1/2 12:11 0:55 0:00
Tuomo Ruutu 0 0 0 0 0 0 0 0 1 0 0/1 9:33 0:00 0:16
Players Stats for Flames
Player Name G A P +/- PIM S H SB GA TA FO MP PP MP PK MP
------------------------------------------------------------------------------------
Alexander Semin 0 1 1 1 2 2 1 1 1 2 0/1 23:02 5:58 0:00
Craig Adams 0 0 0 0 0 1 1 0 0 1 0/0 6:08 0:00 0:18
David Backes 0 1 1 1 0 4 3 0 0 0 2/3 23:47 5:59 0:53
Derek Meech 0 0 0 0 0 0 0 0 0 0 0/0 10:03 0:00 0:00
Eric Staal 1 0 1 1 2 3 2 2 1 0 26/41 23:46 5:50 1:03
Erik Johnson 0 0 0 1 0 1 4 4 0 0 0/0 20:48 5:46 0:47
Filip Kuba 0 0 0 1 0 0 0 2 0 1 0/0 23:36 4:32 1:27
Jordin Tootoo 0 0 0 1 0 1 1 0 0 0 1/3 13:46 0:00 0:00
Marcel Goc 0 0 0 0 0 2 2 1 0 0 2/6 11:07 0:09 0:00
Mark Bell 1 0 1 1 0 6 2 0 0 0 1/2 17:50 4:05 0:38
Michal Handzus 0 1 1 1 0 5 1 0 0 0 7/13 14:07 0:00 0:18
Mike Leclerc 0 0 0 0 0 0 1 0 1 0 0/0 7:52 0:14 1:18
Milan Hejduk 1 0 1 0 0 1 0 1 1 0 0/0 15:16 4:19 0:00
Patrik Berglund 0 1 1 0 0 2 1 0 0 0 4/5 10:06 4:19 0:00
Ron Hainsey 0 0 0 0 0 1 0 1 0 0 0/0 15:24 4:32 0:00
Steve Eminger 0 0 0 1 0 2 2 2 0 1 0/0 23:48 0:00 1:27
Steve Regier 0 0 0 0 0 1 5 0 1 0 2/2 10:57 0:00 0:00
Tomas Kaberle 0 0 0 1 0 3 0 1 2 0 0/0 26:21 5:46 0:47
3 Stars
1 - Pekka Rinne (Cal)
2 - Mark Bell (Cal)
3 - Eric Staal (Cal)
Power Play
Sharks - 1 on 2 Attempt(s) - 50,00%
Flames - 1 on 6 Attempt(s) - 16,67%
Penalty Kill
Sharks - 5 on 6 Attempt(s) - 83,33%
- Score 0 goal in Penalty Kill
Flames - 1 on 2 Attempt(s) - 50,00%
- Score 0 goal in Penalty Kill
Team Stat
Sharks - Hits : 12 - Faceoff Wins : 31 - Blocked Shots : 16 - Penalty Minutes : 12
Flames - Hits : 26 - Faceoff Wins : 45 - Blocked Shots : 15 - Penalty Minutes : 4
Official
Referees : Walsh Ian and Martell Rob
Linesman : Pierre Racicot and Bryan Pancich
Game Notes
David Legwand is injured at 10:11 of 2nd period (Head)
Finance
Level 1 -- Attendance: 6000 (100,00%) -- Ticket Income 522 000 $
Level 2 -- Attendance: 4370 (87,40%) -- Ticket Income 266 570 $
Level 3 -- Attendance: 1737 (86,85%) -- Ticket Income 64 269 $
Level 4 -- Attendance: 3381 (84,53%) -- Ticket Income 91 287 $
Luxury Box -- Attendance: 772 (77,20%) -- Ticket Income 162 892 $
Game was played at the Metal Center'
Total Attendance: 16260 (90,33%)
Total Ticket Income: 1 107 018 $
Other Income: 166 053 $
Total Income: 1 273 071 $
Sharks
5 vs 5 Forward
Center Left Wing Right Wing Time % Phy DF OF
1 David Legwand Dany Heatley Daniel Alfredsson 40 1 2 2
2 Antoine Vermette Markus Naslund Ted Purcell 30 1 2 2
3 Paul Gaustad Tuomo Ruutu Brandon Yip 20 1 2 2
4 Joe Sakic Martin Samuelsson Niklas Sundstrom 10 1 2 2
5 vs 5 Defense
Defense Defense Time % Phy DF OF
1 David Hale Johnny Boychuk 40 1 2 2
2 Lasse Kukkonen Alex Pietrangelo 30 1 2 2
3 Shaone Morrisonn Francis Bouillon 20 1 2 2
4 Lasse Kukkonen Alex Pietrangelo 10 1 2 2
PowerPlay Forward
Center Left Wing Right Wing Time % Phy DF OF
1 David Legwand Dany Heatley Paul Gaustad 60 1 2 2
2 Antoine Vermette Joe Sakic Daniel Alfredsson 40 1 2 2
PowerPlay Defense
Defense Defense Time % Phy DF OF
1 Lasse Kukkonen Alex Pietrangelo 60 1 2 2
2 Francis Bouillon Johnny Boychuk 40 1 2 2
Penalty Kill 4 Players Forward
Center Wing Time % Phy DF OF
1 Joe Sakic Dany Heatley 60 1 4 0
2 Daniel Alfredsson Martin Samuelsson 40 1 4 0
Penalty Kill 4 Players Defense
Defense Defense Time % Phy DF OF
1 Lasse Kukkonen Johnny Boychuk 60 1 4 0
2 David Hale Shaone Morrisonn 40 1 4 0
Penalty Kill - 3 Players Forward
Forward Time % Phy DF OF
1 Joe Sakic 60 1 4 0
2 Martin Samuelsson 40 1 4 0
Penalty Kill - 3 Players Defense
Defense Defense Time % Phy DF OF
1 Lasse Kukkonen Johnny Boychuk 60 1 4 0
2 David Hale Shaone Morrisonn 40 1 4 0
4 vs 4 Forward
Center Wing Time % Phy DF OF
1 Daniel Alfredsson Dany Heatley 60 1 2 2
2 Paul Gaustad Markus Naslund 40 1 2 2
4 vs 4 Defense
Defense Defense Time % Phy DF OF
1 Lasse Kukkonen Alex Pietrangelo 60 1 2 2
2 Johnny Boychuk David Hale 40 1 2 2
Last Minutes Offensive
Center Left Wing Right Wing Defense Defense
David Legwand Dany Heatley Daniel Alfredsson Lasse Kukkonen Alex Pietrangelo
Last Minutes Defensive
Center Left Wing Right Wing Defense Defense
Paul Gaustad Markus Naslund Joe Sakic Johnny Boychuk Shaone Morrisonn
Goaltenders
Starting : Mike Brodeur
Backup : Tyler Weiman
Extra Forwards
Normal : Antoine Vermette, Paul Gaustad, Brandon Yip - PP : Ted Purcell, Markus Naslund - PK : Dany Heatley
Extra Defensemen
Normal : Johnny Boychuk, Shaone Morrisonn, David Hale - PP : David Hale - PK : Alex Pietrangelo, Francis Bouillon
Penalty Shots
Dany Heatley, Ted Purcell, Tuomo Ruutu, Markus Naslund, Daniel Alfredsson
Flames
5 vs 5 Forward
Center Left Wing Right Wing Time % Phy DF OF
1 Eric Staal Alexander Semin David Backes 40 1 2 2
2 Michal Handzus Mark Bell Jordin Tootoo 30 1 2 2
3 Marcel Goc Steve Regier Milan Hejduk 20 1 2 2
4 Patrik Berglund Mike Leclerc Craig Adams 10 1 2 2
5 vs 5 Defense
Defense Defense Time % Phy DF OF
1 Tomas Kaberle Steve Eminger 40 1 2 2
2 Filip Kuba Erik Johnson 30 1 2 2
3 Derek Meech Ron Hainsey 20 1 2 2
4 Filip Kuba Steve Eminger 10 1 2 2
PowerPlay Forward
Center Left Wing Right Wing Time % Phy DF OF
1 Eric Staal Alexander Semin David Backes 60 1 2 2
2 Patrik Berglund Mark Bell Milan Hejduk 40 1 2 2
PowerPlay Defense
Defense Defense Time % Phy DF OF
1 Tomas Kaberle Erik Johnson 60 1 2 2
2 Filip Kuba Ron Hainsey 40 1 2 2
Penalty Kill 4 Players Forward
Center Wing Time % Phy DF OF
1 Eric Staal Mike Leclerc 60 1 3 1
2 Michal Handzus Craig Adams 40 1 3 1
Penalty Kill 4 Players Defense
Defense Defense Time % Phy DF OF
1 Filip Kuba Steve Eminger 60 1 3 1
2 Tomas Kaberle Erik Johnson 40 1 3 1
Penalty Kill - 3 Players Forward
Forward Time % Phy DF OF
1 Mike Leclerc 60 1 4 0
2 Craig Adams 40 1 4 0
Penalty Kill - 3 Players Defense
Defense Defense Time % Phy DF OF
1 Filip Kuba Steve Eminger 60 1 4 0
2 Tomas Kaberle Erik Johnson 40 1 4 0
4 vs 4 Forward
Center Wing Time % Phy DF OF
1 Eric Staal Alexander Semin 60 1 2 2
2 Patrik Berglund David Backes 40 1 2 2
4 vs 4 Defense
Defense Defense Time % Phy DF OF
1 Filip Kuba Steve Eminger 60 1 2 2
2 Tomas Kaberle Erik Johnson 40 1 2 2
Last Minutes Offensive
Center Left Wing Right Wing Defense Defense
Eric Staal Alexander Semin David Backes Tomas Kaberle Steve Eminger
Last Minutes Defensive
Center Left Wing Right Wing Defense Defense
Eric Staal Alexander Semin David Backes Filip Kuba Steve Eminger
Goaltenders
Starting : Pekka Rinne
Backup : Craig Anderson
Extra Forwards
Normal : Alexander Semin, Jordin Tootoo, Michal Handzus - PP : Mark Bell, Milan Hejduk - PK : David Backes
Extra Defensemen
Normal : Erik Johnson, Tomas Kaberle, Derek Meech - PP : Tomas Kaberle - PK : Erik Johnson, Filip Kuba
Penalty Shots
Eric Staal, Alexander Semin, David Backes, Milan Hejduk, Mark Bell
% Time on Ice - Sharks
Lines # - Real PCT - Wanted PCT - Time Play
Normal Forward
1 - 38% - 40% - 18:04
2 - 24% - 30% - 11:22
3 - 20% - 20% - 9:17
4 - 18% - 10% - 8:45
Normal Defense
1 - 42% - 40% - 20:06
2 - 31% - 30% - 14:34
3 - 22% - 20% - 10:15
4 - 5% - 10% - 2:33
PP Forward
1 - 66% - 60% - 1:29
2 - 34% - 40% - 0:45
PP Defense
1 - 65% - 60% - 1:27
2 - 35% - 40% - 0:47
PK Forward
1 - 77% - 60% - 7:30
2 - 23% - 40% - 2:14
PK Defense
1 - 58% - 60% - 5:41
2 - 42% - 40% - 4:03
PK3 Forward
1 - 100% - 60% - 0:34
2 - 0% - 40% - 0:00
PK3 Defense
1 - 100% - 60% - 0:34
2 - 0% - 40% - 0:00
44 Forward
1 - 0% - 60%
2 - 0% - 40%
44 Defense
1 - 0% - 60%
2 - 0% - 40%
Last Minute Offensive - 0:00
Last Minute Defensive - 0:00
Total
Forward - 60:00
Defense - 60:00
|
% Time on Ice - Flames
Lines # - Real PCT - Wanted PCT - Time Play
Normal Forward
1 - 36% - 40% - 16:55
2 - 29% - 30% - 13:49
3 - 23% - 20% - 10:57
4 - 12% - 10% - 5:47
Normal Defense
1 - 42% - 40% - 19:51
2 - 31% - 30% - 14:52
3 - 21% - 20% - 10:03
4 - 6% - 10% - 2:42
PP Forward
1 - 58% - 60% - 5:59
2 - 42% - 40% - 4:19
PP Defense
1 - 56% - 60% - 5:46
2 - 44% - 40% - 4:32
PK Forward
1 - 87% - 60% - 1:56
2 - 13% - 40% - 0:18
PK Defense
1 - 65% - 60% - 1:27
2 - 35% - 40% - 0:47
PK3 Forward
1 - 0% - 60%
2 - 0% - 40%
PK3 Defense
1 - 0% - 60%
2 - 0% - 40%
44 Forward
1 - 0% - 60%
2 - 0% - 40%
44 Defense
1 - 0% - 60%
2 - 0% - 40%
Last Minute Offensive - 0:00
Last Minute Defensive - 0:00
Total
Forward - 60:00
Defense - 60:00
|
Play by Play
1st period
0:01 of 1st period - Eric Staal wins face-off versus David Legwand in neutral zone.
1:01 of 1st period - Wrist shot by Steve Regier.
1:01 of 1st period - Shot Misses the Net.
1:09 of 1st period - Minor Penalty to Paul Gaustad for Holding.
1:10 of 1st period - Joe Sakic wins face-off versus Alexander Semin in Sharks zone.
1:21 of 1st period - Snap shot by David Backes.
1:21 of 1st period - Shot Misses the Net.
1:23 of 1st period - Wrist shot by Eric Staal.
1:23 of 1st period - Shot Misses the Net.
1:25 of 1st period - Snap shot by Ron Hainsey.
1:25 of 1st period - Stopped by Mike Brodeur without a rebound.
1:26 of 1st period - Patrik Berglund wins face-off versus Joe Sakic in Sharks zone.
1:31 of 1st period - Slapshot by Mark Bell.
1:31 of 1st period - Shot Hit the Post.
1:33 of 1st period - Slapshot by Erik Johnson.
1:33 of 1st period - Stopped by Mike Brodeur without a rebound.
1:34 of 1st period - Joe Sakic wins face-off versus Patrik Berglund in Sharks zone.
2:03 of 1st period - Wrist shot by Joe Sakic.
2:03 of 1st period - Shot Misses the Net.
2:05 of 1st period - Wrist shot by Dany Heatley.
2:05 of 1st period - Stopped by Pekka Rinne with a rebound.
2:36 of 1st period - Icing by Eric Staal.
2:37 of 1st period - Daniel Alfredsson wins face-off versus Eric Staal in Flames zone.
3:09 of 1st period - Penalty to Paul Gaustad is over, Paul Gaustad is back on ice.
3:10 of 1st period - Dany Heatley is hit by David Backes.
3:26 of 1st period - Johnny Boychuk is hit by Jordin Tootoo and loses puck.
3:39 of 1st period - Snap shot by Antoine Vermette.
3:39 of 1st period - Stopped by Pekka Rinne without a rebound.
3:40 of 1st period - Steve Regier wins face-off versus Antoine Vermette in Flames zone.
3:44 of 1st period - Off-side.
3:45 of 1st period - Eric Staal wins face-off versus David Legwand in neutral zone.
3:45 of 1st period - Alexander Semin is hit by Dany Heatley and loses puck.
3:50 of 1st period - Snap shot by David Legwand.
3:50 of 1st period - Shot Hit the Post.
3:52 of 1st period - Snap shot by Dany Heatley.
3:52 of 1st period - Shot Blocked by Filip Kuba.
3:54 of 1st period - Wrist shot by Dany Heatley.
3:54 of 1st period - Shot Misses the Net.
3:56 of 1st period - Slapshot by Dany Heatley.
3:56 of 1st period - Shot Misses the Net.
3:58 of 1st period - Slapshot by Francis Bouillon.
3:58 of 1st period - Deflect By David Legwand.
3:58 of 1st period - Shot Blocked by Eric Staal.
3:58 of 1st period - Puck is out of play.
3:59 of 1st period - Antoine Vermette wins face-off versus Eric Staal in Flames zone.
4:12 of 1st period - Slapshot by Alex Pietrangelo.
4:12 of 1st period - Deflect By Ted Purcell.
4:12 of 1st period - Shot Blocked by Alexander Semin.
4:12 of 1st period - Puck is out of play.
4:13 of 1st period - Eric Staal wins face-off versus David Legwand in Flames zone.
4:58 of 1st period - Slapshot by Lasse Kukkonen.
4:58 of 1st period - Shot Blocked by Ron Hainsey.
5:21 of 1st period - Snap shot by Milan Hejduk.
5:21 of 1st period - Deflect By Steve Regier.
5:21 of 1st period - Shot Blocked by David Hale.
5:21 of 1st period - Puck is out of play.
5:22 of 1st period - Eric Staal wins face-off versus Joe Sakic in Sharks zone.
5:27 of 1st period - Wrist shot by Alexander Semin.
5:27 of 1st period - Stopped by Mike Brodeur with a rebound.
5:29 of 1st period - Snap shot by David Backes.
5:29 of 1st period - Stopped by Mike Brodeur with a rebound.
5:55 of 1st period - Wrist shot by Michal Handzus.
5:55 of 1st period - Shot Misses the Net.
5:57 of 1st period - Wrist shot by Michal Handzus.
5:57 of 1st period - Stopped by Mike Brodeur without a rebound.
5:58 of 1st period - David Legwand wins face-off versus Michal Handzus in Sharks zone.
6:11 of 1st period - Wrist shot by David Legwand.
6:11 of 1st period - Stopped by Pekka Rinne with a rebound.
6:25 of 1st period - Alexander Semin is hit by Ted Purcell and loses puck.
6:50 of 1st period - Snap shot by Steve Regier.
6:50 of 1st period - Stopped by Mike Brodeur without a rebound.
6:51 of 1st period - David Legwand wins face-off versus Marcel Goc in Sharks zone.
6:51 of 1st period - David Legwand is hit by Steve Regier.
7:18 of 1st period - Minor Penalty to Dany Heatley for High sticking.
7:19 of 1st period - Markus Naslund wins face-off versus Eric Staal in Sharks zone.
9:18 of 1st period - Penalty to Dany Heatley is over, Dany Heatley is back on ice.
9:34 of 1st period - Wrist shot by Michal Handzus.
9:34 of 1st period - Stopped by Mike Brodeur with a rebound.
9:49 of 1st period - Icing by Lasse Kukkonen.
9:50 of 1st period - Paul Gaustad wins face-off versus Marcel Goc in Sharks zone.
9:54 of 1st period - Off-side.
9:55 of 1st period - Michal Handzus wins face-off versus Antoine Vermette in neutral zone.
9:58 of 1st period - Slapshot by Mark Bell.
9:58 of 1st period - Goal by Mark Bell - Sharks : 0 - Flames : 1.
9:59 of 1st period - Eric Staal wins face-off versus Antoine Vermette in neutral zone.
10:32 of 1st period - Michal Handzus is hit by Daniel Alfredsson and loses puck.
11:38 of 1st period - Wrist shot by Mark Bell.
11:38 of 1st period - Stopped by Mike Brodeur with a rebound.
11:40 of 1st period - Snap shot by Michal Handzus.
11:40 of 1st period - Shot Misses the Net.
11:42 of 1st period - Snap shot by Michal Handzus.
11:42 of 1st period - Stopped by Mike Brodeur with a rebound.
12:22 of 1st period - Daniel Alfredsson is hit by Craig Adams and loses puck.
12:35 of 1st period - David Hale is hit by Steve Regier and loses puck.
12:42 of 1st period - Milan Hejduk is hit by Brandon Yip and loses puck.
13:01 of 1st period - Snap shot by Alexander Semin.
13:01 of 1st period - Shot Blocked by Johnny Boychuk.
13:03 of 1st period - Slapshot by Alexander Semin.
13:03 of 1st period - Shot Blocked by Johnny Boychuk.
13:33 of 1st period - Wrist shot by Milan Hejduk.
13:33 of 1st period - Shot Blocked by Joe Sakic.
14:03 of 1st period - Snap shot by Paul Gaustad.
14:03 of 1st period - Stopped by Pekka Rinne without a rebound.
14:04 of 1st period - Patrik Berglund wins face-off versus Paul Gaustad in Flames zone.
14:09 of 1st period - Slapshot by Ron Hainsey.
14:09 of 1st period - Shot Misses the Net.
14:33 of 1st period - Wrist shot by Daniel Alfredsson.
14:33 of 1st period - Shot Misses the Net.
14:35 of 1st period - Slapshot by David Hale.
14:35 of 1st period - Shot Blocked by Erik Johnson.
15:03 of 1st period - Wrist shot by Markus Naslund.
15:03 of 1st period - Stopped by Pekka Rinne with a rebound.
15:26 of 1st period - Wrist shot by Joe Sakic.
15:26 of 1st period - Shot Misses the Net.
15:40 of 1st period - Lasse Kukkonen is hit by Eric Staal and loses puck.
15:47 of 1st period - Derek Meech is hit by Brandon Yip and loses puck.
16:06 of 1st period - Tomas Kaberle is hit by David Legwand and loses puck.
16:23 of 1st period - Tomas Kaberle is hit by Antoine Vermette and loses puck.
16:34 of 1st period - Markus Naslund is hit by Mark Bell and loses puck.
16:53 of 1st period - Slapshot by Martin Samuelsson.
16:53 of 1st period - Shot Blocked by Erik Johnson.
16:55 of 1st period - Snap shot by Niklas Sundstrom.
16:55 of 1st period - Shot Misses the Net.
17:06 of 1st period - Off-side.
17:07 of 1st period - David Legwand wins face-off versus Eric Staal in neutral zone.
18:35 of 1st period - Snap shot by Dany Heatley.
18:35 of 1st period - Shot Misses the Net.
18:37 of 1st period - Snap shot by Alex Pietrangelo.
18:37 of 1st period - Shot Blocked by Steve Eminger.
19:14 of 1st period - Slapshot by Lasse Kukkonen.
19:14 of 1st period - Stopped by Pekka Rinne without a rebound.
19:15 of 1st period - Jordin Tootoo wins face-off versus Antoine Vermette in Flames zone.
19:24 of 1st period - Wrist shot by Jordin Tootoo.
19:24 of 1st period - Stopped by Mike Brodeur with a rebound.
19:40 of 1st period - David Hale is hit by Erik Johnson.
19:44 of 1st period - Slapshot by Johnny Boychuk.
19:44 of 1st period - Deflect By Filip Kuba.
19:44 of 1st period - Stopped by Pekka Rinne without a rebound.
19:45 of 1st period - Paul Gaustad wins face-off versus Marcel Goc in Flames zone.
19:46 of 1st period - Snap shot by Tuomo Ruutu.
19:46 of 1st period - Shot Misses the Net.
Goals for this period are 0 for Sharks vs 1 for Flames.
Shots for this period are 7 for Sharks vs 11 for Flames.
2nd period
0:01 of 2nd period - Michal Handzus wins face-off versus Antoine Vermette in neutral zone.
0:08 of 2nd period - Slapshot by Mark Bell.
0:08 of 2nd period - Shot Misses the Net.
0:37 of 2nd period - David Legwand is hit by Alexander Semin and loses puck.
0:53 of 2nd period - David Legwand is hit by Eric Staal and loses puck.
1:17 of 2nd period - Dany Heatley is hit by David Backes and loses puck.
1:24 of 2nd period - Slapshot by Lasse Kukkonen.
1:24 of 2nd period - Shot Misses the Net.
1:28 of 2nd period - Wrist shot by Dany Heatley.
1:28 of 2nd period - Stopped by Pekka Rinne without a rebound.
1:29 of 2nd period - Antoine Vermette wins face-off versus Jordin Tootoo in Flames zone.
1:32 of 2nd period - Snap shot by Ted Purcell.
1:32 of 2nd period - Shot Misses the Net.
1:59 of 2nd period - Slapshot by Paul Gaustad.
1:59 of 2nd period - Shot Misses the Net.
2:01 of 2nd period - Slapshot by Johnny Boychuk.
2:01 of 2nd period - Stopped by Pekka Rinne with a rebound.
2:58 of 2nd period - Icing by Lasse Kukkonen.
2:59 of 2nd period - Steve Regier wins face-off versus Paul Gaustad in Sharks zone.
3:15 of 2nd period - Icing by Tuomo Ruutu.
3:16 of 2nd period - Paul Gaustad wins face-off versus Jordin Tootoo in Sharks zone.
3:30 of 2nd period - Slapshot by Filip Kuba.
3:30 of 2nd period - Deflect By Jordin Tootoo.
3:30 of 2nd period - Shot Misses the Net.
3:30 of 2nd period - Puck is out of play.
3:31 of 2nd period - Eric Staal wins face-off versus Daniel Alfredsson in Sharks zone.
3:47 of 2nd period - Minor Penalty to Eric Staal for Slashing.
3:48 of 2nd period - David Legwand wins face-off versus David Backes in Flames zone.
4:02 of 2nd period - Snap shot by David Legwand.
4:02 of 2nd period - Goal by David Legwand - Sharks : 1 - Flames : 1.
4:03 of 2nd period - Michal Handzus wins face-off versus Antoine Vermette in neutral zone.
4:11 of 2nd period - Off-side.
4:12 of 2nd period - Antoine Vermette wins face-off versus Michal Handzus in neutral zone.
4:22 of 2nd period - Snap shot by Michal Handzus.
4:22 of 2nd period - Stopped by Mike Brodeur without a rebound.
4:23 of 2nd period - Eric Staal wins face-off versus Antoine Vermette in Sharks zone.
4:38 of 2nd period - Snap shot by Alexander Semin.
4:38 of 2nd period - Deflect By Eric Staal.
4:38 of 2nd period - Shot Misses the Net.
4:38 of 2nd period - Puck is out of play.
4:39 of 2nd period - Michal Handzus wins face-off versus David Legwand in Sharks zone.
4:48 of 2nd period - Slapshot by Michal Handzus.
4:48 of 2nd period - Stopped by Mike Brodeur without a rebound.
4:49 of 2nd period - Michal Handzus wins face-off versus Dany Heatley in Sharks zone.
4:56 of 2nd period - Snap shot by Mark Bell.
4:56 of 2nd period - Shot Blocked by Johnny Boychuk.
5:36 of 2nd period - Slapshot by Jordin Tootoo.
5:36 of 2nd period - Shot Blocked by Dany Heatley.
5:38 of 2nd period - Snap shot by Steve Eminger.
5:38 of 2nd period - Stopped by Mike Brodeur with a rebound.
5:40 of 2nd period - Slapshot by Steve Eminger.
5:40 of 2nd period - Shot Blocked by Johnny Boychuk.
5:48 of 2nd period - Wrist shot by Mark Bell.
5:48 of 2nd period - Shot Misses the Net.
5:50 of 2nd period - Wrist shot by Mark Bell.
5:50 of 2nd period - Stopped by Mike Brodeur with a rebound.
5:52 of 2nd period - Snap shot by Tomas Kaberle.
5:52 of 2nd period - Shot Misses the Net.
5:54 of 2nd period - Slapshot by Mark Bell.
5:54 of 2nd period - Stopped by Mike Brodeur with a rebound.
5:56 of 2nd period - Slapshot by Tomas Kaberle.
5:56 of 2nd period - Shot Misses the Net.
5:58 of 2nd period - Slapshot by Tomas Kaberle.
5:58 of 2nd period - Stopped by Mike Brodeur without a rebound.
5:59 of 2nd period - Antoine Vermette wins face-off versus Eric Staal in Sharks zone.
5:59 of 2nd period - Antoine Vermette is hit by Erik Johnson.
6:12 of 2nd period - Minor Penalty to Alex Pietrangelo for Tripping.
6:13 of 2nd period - Eric Staal wins face-off versus Joe Sakic in Sharks zone.
6:25 of 2nd period - Snap shot by Alexander Semin.
6:25 of 2nd period - Deflect By David Backes.
6:25 of 2nd period - Stopped by Mike Brodeur with a rebound.
6:27 of 2nd period - Snap shot by Tomas Kaberle.
6:27 of 2nd period - Shot Misses the Net.
6:29 of 2nd period - Slapshot by Tomas Kaberle.
6:29 of 2nd period - Shot Blocked by Johnny Boychuk.
6:39 of 2nd period - Snap shot by Mark Bell.
6:39 of 2nd period - Shot Blocked by Joe Sakic.
6:41 of 2nd period - Slapshot by Ron Hainsey.
6:41 of 2nd period - Shot Blocked by Dany Heatley.
6:43 of 2nd period - Snap shot by Patrik Berglund.
6:43 of 2nd period - Stopped by Mike Brodeur with a rebound.
7:28 of 2nd period - Markus Naslund is hit by Erik Johnson and loses puck.
8:12 of 2nd period - Penalty to Alex Pietrangelo is over, Alex Pietrangelo is back on ice.
8:16 of 2nd period - Icing by Johnny Boychuk.
8:17 of 2nd period - Daniel Alfredsson wins face-off versus Michal Handzus in Sharks zone.
9:10 of 2nd period - Wrist shot by Ron Hainsey.
9:10 of 2nd period - Shot Misses the Net.
10:10 of 2nd period - David Legwand is hit by Mike Leclerc and loses puck.
10:11 of 2nd period - David Legwand from Sharks is injured at 10:11 of 2nd period (Head).
10:12 of 2nd period - Eric Staal wins face-off versus Antoine Vermette in Sharks zone.
10:19 of 2nd period - Snap shot by Alexander Semin.
10:19 of 2nd period - Shot Misses the Net.
10:21 of 2nd period - Wrist shot by David Backes.
10:21 of 2nd period - Stopped by Mike Brodeur with a rebound.
10:25 of 2nd period - Wrist shot by Eric Staal.
10:25 of 2nd period - Goal by Eric Staal - Sharks : 1 - Flames : 2.
10:26 of 2nd period - Antoine Vermette wins face-off versus Eric Staal in neutral zone.
11:00 of 2nd period - Slapshot by David Hale.
11:00 of 2nd period - Stopped by Pekka Rinne without a rebound.
11:01 of 2nd period - David Backes wins face-off versus Antoine Vermette in Flames zone.
11:27 of 2nd period - Daniel Alfredsson is hit by Steve Regier.
11:31 of 2nd period - Snap shot by Shaone Morrisonn.
11:31 of 2nd period - Stopped by Pekka Rinne without a rebound.
11:32 of 2nd period - Paul Gaustad wins face-off versus Marcel Goc in Flames zone.
12:18 of 2nd period - Wrist shot by Marcel Goc.
12:18 of 2nd period - Stopped by Mike Brodeur with a rebound.
12:20 of 2nd period - Snap shot by Steve Eminger.
12:20 of 2nd period - Stopped by Mike Brodeur with a rebound.
12:22 of 2nd period - Slapshot by Marcel Goc.
12:22 of 2nd period - Stopped by Mike Brodeur with a rebound.
12:24 of 2nd period - Wrist shot by Steve Regier.
12:24 of 2nd period - Deflect By Martin Samuelsson.
12:24 of 2nd period - Shot Blocked by Johnny Boychuk.
12:24 of 2nd period - Puck is out of play.
12:25 of 2nd period - Eric Staal wins face-off versus Antoine Vermette in Sharks zone.
12:26 of 2nd period - Wrist shot by Alexander Semin.
12:26 of 2nd period - Stopped by Mike Brodeur without a rebound.
12:27 of 2nd period - Antoine Vermette wins face-off versus Eric Staal in Sharks zone.
12:31 of 2nd period - Off-side.
12:32 of 2nd period - Antoine Vermette wins face-off versus Eric Staal in neutral zone.
12:35 of 2nd period - Snap shot by Ted Purcell.
12:35 of 2nd period - Shot Blocked by Eric Staal.
12:39 of 2nd period - Backhand shot by Antoine Vermette.
12:39 of 2nd period - Shot Blocked by Tomas Kaberle.
12:41 of 2nd period - Slapshot by Shaone Morrisonn.
12:41 of 2nd period - Stopped by Pekka Rinne without a rebound.
12:42 of 2nd period - Antoine Vermette wins face-off versus Eric Staal in Flames zone.
12:51 of 2nd period - Slapshot by Antoine Vermette.
12:51 of 2nd period - Shot Misses the Net.
12:57 of 2nd period - Slapshot by Alex Pietrangelo.
12:57 of 2nd period - Shot Misses the Net.
13:21 of 2nd period - Wrist shot by Alex Pietrangelo.
13:21 of 2nd period - Stopped by Pekka Rinne with a rebound.
13:23 of 2nd period - Wrist shot by Ted Purcell.
13:23 of 2nd period - Stopped by Pekka Rinne with a rebound.
13:25 of 2nd period - Wrist shot by Ted Purcell.
13:25 of 2nd period - Shot Misses the Net.
13:27 of 2nd period - Snap shot by Ted Purcell.
13:27 of 2nd period - Stopped by Pekka Rinne with a rebound.
13:29 of 2nd period - Wrist shot by Ted Purcell.
13:29 of 2nd period - Stopped by Pekka Rinne with a rebound.
13:31 of 2nd period - Slapshot by Lasse Kukkonen.
13:31 of 2nd period - Stopped by Pekka Rinne without a rebound.
13:32 of 2nd period - Eric Staal wins face-off versus Paul Gaustad in Flames zone.
14:22 of 2nd period - Wrist shot by Paul Gaustad.
14:22 of 2nd period - Shot Blocked by Erik Johnson.
15:10 of 2nd period - Markus Naslund is hit by Michal Handzus and loses puck.
15:17 of 2nd period - Snap shot by Mark Bell.
15:17 of 2nd period - Stopped by Mike Brodeur with a rebound.
15:48 of 2nd period - Daniel Alfredsson is hit by Steve Regier and loses puck.
16:16 of 2nd period - Off-side.
16:17 of 2nd period - Eric Staal wins face-off versus Paul Gaustad in neutral zone.
16:49 of 2nd period - Off-side.
16:50 of 2nd period - Joe Sakic wins face-off versus Eric Staal in neutral zone.
16:57 of 2nd period - Slapshot by Alex Pietrangelo.
16:57 of 2nd period - Stopped by Pekka Rinne without a rebound.
16:58 of 2nd period - Eric Staal wins face-off versus Joe Sakic in Flames zone.
16:58 of 2nd period - Eric Staal is hit by Joe Sakic.
17:22 of 2nd period - Slapshot by Eric Staal.
17:22 of 2nd period - Shot Misses the Net.
17:24 of 2nd period - Snap shot by Eric Staal.
17:24 of 2nd period - Stopped by Mike Brodeur without a rebound.
17:25 of 2nd period - Michal Handzus wins face-off versus Antoine Vermette in Sharks zone.
17:38 of 2nd period - Snap shot by Antoine Vermette.
17:38 of 2nd period - Stopped by Pekka Rinne with a rebound.
17:40 of 2nd period - Slapshot by Johnny Boychuk.
17:40 of 2nd period - Shot Misses the Net.
17:56 of 2nd period - Slapshot by Brandon Yip.
17:56 of 2nd period - Stopped by Pekka Rinne without a rebound.
17:57 of 2nd period - Eric Staal wins face-off versus Paul Gaustad in Flames zone.
18:02 of 2nd period - Snap shot by David Backes.
18:02 of 2nd period - Stopped by Mike Brodeur without a rebound.
18:03 of 2nd period - Eric Staal wins face-off versus Antoine Vermette in Sharks zone.
18:28 of 2nd period - Minor Penalty to Paul Gaustad for Interference.
18:29 of 2nd period - Eric Staal wins face-off versus Joe Sakic in Sharks zone.
18:33 of 2nd period - Snap shot by Alexander Semin.
18:33 of 2nd period - Shot Blocked by Dany Heatley.
Goals for this period are 1 for Sharks vs 1 for Flames.
Shots for this period are 14 for Sharks vs 17 for Flames.
3rd period
0:01 of 3rd period - Eric Staal wins face-off versus Joe Sakic in neutral zone.
0:27 of 3rd period - Minor Penalty to Alexander Semin for High sticking.
0:28 of 3rd period - Penalty to Paul Gaustad is over, Paul Gaustad is back on ice.
0:28 of 3rd period - Ted Purcell wins face-off versus Eric Staal in Flames zone.
1:00 of 3rd period - Filip Kuba is hit by Johnny Boychuk and loses puck.
1:31 of 3rd period - Slapshot by Tomas Kaberle.
1:31 of 3rd period - Deflect By Paul Gaustad.
1:31 of 3rd period - Stopped by Mike Brodeur without a rebound.
1:32 of 3rd period - David Backes wins face-off versus Ted Purcell in Sharks zone.
2:11 of 3rd period - Snap shot by Antoine Vermette.
2:11 of 3rd period - Shot Blocked by Steve Eminger.
2:21 of 3rd period - Francis Bouillon is hit by Steve Eminger and loses puck.
2:27 of 3rd period - Penalty to Alexander Semin is over, Alexander Semin is back on ice.
2:29 of 3rd period - Off-side.
2:30 of 3rd period - Michal Handzus wins face-off versus Joe Sakic in neutral zone.
3:58 of 3rd period - Off-side.
3:59 of 3rd period - Paul Gaustad wins face-off versus Mark Bell in neutral zone.
4:06 of 3rd period - Wrist shot by Paul Gaustad.
4:06 of 3rd period - Stopped by Pekka Rinne with a rebound.
4:08 of 3rd period - Slapshot by Paul Gaustad.
4:08 of 3rd period - Shot Blocked by Filip Kuba.
5:03 of 3rd period - Wrist shot by Craig Adams.
5:03 of 3rd period - Stopped by Mike Brodeur with a rebound.
6:27 of 3rd period - Off-side.
6:28 of 3rd period - Joe Sakic wins face-off versus Eric Staal in neutral zone.
6:38 of 3rd period - Snap shot by Niklas Sundstrom.
6:38 of 3rd period - Stopped by Pekka Rinne without a rebound.
6:39 of 3rd period - Eric Staal wins face-off versus Antoine Vermette in Flames zone.
7:05 of 3rd period - Jordin Tootoo is hit by Brandon Yip and loses puck.
7:10 of 3rd period - Slapshot by Alex Pietrangelo.
7:10 of 3rd period - Shot Blocked by Erik Johnson.
7:12 of 3rd period - Wrist shot by Paul Gaustad.
7:12 of 3rd period - Shot Misses the Net.
7:14 of 3rd period - Wrist shot by Paul Gaustad.
7:14 of 3rd period - Shot Misses the Net.
7:16 of 3rd period - Snap shot by Lasse Kukkonen.
7:16 of 3rd period - Stopped by Pekka Rinne without a rebound.
7:17 of 3rd period - Antoine Vermette wins face-off versus Eric Staal in Flames zone.
7:18 of 3rd period - Snap shot by Alex Pietrangelo.
7:18 of 3rd period - Stopped by Pekka Rinne without a rebound.
7:19 of 3rd period - Eric Staal wins face-off versus Antoine Vermette in Flames zone.
7:35 of 3rd period - Slapshot by Markus Naslund.
7:35 of 3rd period - Deflect By Eric Staal.
7:35 of 3rd period - Stopped by Pekka Rinne without a rebound.
7:36 of 3rd period - Antoine Vermette wins face-off versus Michal Handzus in Flames zone.
7:37 of 3rd period - Wrist shot by Dany Heatley.
7:37 of 3rd period - Stopped by Pekka Rinne without a rebound.
7:38 of 3rd period - Mark Bell wins face-off versus Antoine Vermette in Flames zone.
7:48 of 3rd period - Off-side.
7:49 of 3rd period - Antoine Vermette wins face-off versus Eric Staal in neutral zone.
8:15 of 3rd period - Mark Bell is hit by Brandon Yip and loses puck.
8:35 of 3rd period - Wrist shot by Mark Bell.
8:35 of 3rd period - Stopped by Mike Brodeur without a rebound.
8:36 of 3rd period - Marcel Goc wins face-off versus Joe Sakic in Sharks zone.
8:47 of 3rd period - Slapshot by Steve Regier.
8:47 of 3rd period - Shot Blocked by Alex Pietrangelo.
8:49 of 3rd period - Wrist shot by Marcel Goc.
8:49 of 3rd period - Shot Blocked by Martin Samuelsson.
8:51 of 3rd period - Snap shot by Tomas Kaberle.
8:51 of 3rd period - Deflect By Lasse Kukkonen.
8:51 of 3rd period - Stopped by Mike Brodeur without a rebound.
8:52 of 3rd period - Antoine Vermette wins face-off versus Eric Staal in Sharks zone.
9:07 of 3rd period - Wrist shot by Daniel Alfredsson.
9:07 of 3rd period - Stopped by Pekka Rinne without a rebound.
9:08 of 3rd period - Antoine Vermette wins face-off versus Michal Handzus in Flames zone.
9:23 of 3rd period - Wrist shot by Mark Bell.
9:23 of 3rd period - Shot Misses the Net.
9:55 of 3rd period - Johnny Boychuk is hit by Patrik Berglund and loses puck.
10:22 of 3rd period - Snap shot by Antoine Vermette.
10:22 of 3rd period - Shot Blocked by Milan Hejduk.
10:28 of 3rd period - Johnny Boychuk is hit by Marcel Goc and loses puck.
10:41 of 3rd period - Paul Gaustad is hit by Mark Bell.
10:48 of 3rd period - Off-side.
10:49 of 3rd period - Eric Staal wins face-off versus Antoine Vermette in neutral zone.
11:37 of 3rd period - Joe Sakic is hit by Steve Regier and loses puck.
11:56 of 3rd period - Snap shot by Paul Gaustad.
11:56 of 3rd period - Deflect By Daniel Alfredsson.
11:56 of 3rd period - Shot Blocked by Marcel Goc.
11:56 of 3rd period - Puck is out of play.
11:57 of 3rd period - Eric Staal wins face-off versus Paul Gaustad in Flames zone.
12:12 of 3rd period - Snap shot by David Backes.
12:12 of 3rd period - Shot Blocked by Daniel Alfredsson.
12:26 of 3rd period - Snap shot by Joe Sakic.
12:26 of 3rd period - Deflect By Martin Samuelsson.
12:26 of 3rd period - Shot Misses the Net.
12:26 of 3rd period - Puck is out of play.
12:27 of 3rd period - Joe Sakic wins face-off versus Michal Handzus in Flames zone.
12:53 of 3rd period - Alex Pietrangelo is hit by Marcel Goc and loses puck.
14:20 of 3rd period - Filip Kuba is hit by Paul Gaustad and loses puck.
14:41 of 3rd period - Snap shot by Eric Staal.
14:41 of 3rd period - Stopped by Mike Brodeur without a rebound.
14:42 of 3rd period - Eric Staal wins face-off versus Brandon Yip in Sharks zone.
14:49 of 3rd period - Snap shot by Alexander Semin.
14:49 of 3rd period - Shot Misses the Net.
15:14 of 3rd period - Niklas Sundstrom is hit by Steve Eminger.
15:22 of 3rd period - Slapshot by Mike Leclerc.
15:22 of 3rd period - Shot Misses the Net.
15:24 of 3rd period - Slapshot by Mike Leclerc.
15:24 of 3rd period - Deflect By Patrik Berglund.
15:24 of 3rd period - Stopped by Mike Brodeur without a rebound.
15:25 of 3rd period - Patrik Berglund wins face-off versus Tuomo Ruutu in Sharks zone.
16:11 of 3rd period - Minor Penalty to Shaone Morrisonn for Holding.
16:12 of 3rd period - Eric Staal wins face-off versus Joe Sakic in Sharks zone.
16:34 of 3rd period - Minor Penalty to Joe Sakic for Roughing.
16:35 of 3rd period - Eric Staal wins face-off versus Dany Heatley in Sharks zone.
17:08 of 3rd period - Wrist shot by Milan Hejduk.
17:08 of 3rd period - Goal by Milan Hejduk - Sharks : 1 - Flames : 3.
17:09 of 3rd period - Eric Staal wins face-off versus Antoine Vermette in neutral zone.
17:12 of 3rd period - Lasse Kukkonen is hit by Erik Johnson and loses puck.
18:07 of 3rd period - Markus Naslund is hit by David Backes and loses puck.
18:34 of 3rd period - Penalty to Joe Sakic is over, Joe Sakic is back on ice.
19:10 of 3rd period - Wrist shot by Daniel Alfredsson.
19:10 of 3rd period - Stopped by Pekka Rinne without a rebound.
19:11 of 3rd period - Eric Staal wins face-off versus Daniel Alfredsson in Flames zone.
19:24 of 3rd period - Snap shot by Steve Regier.
19:24 of 3rd period - Deflect By Antoine Vermette.
19:24 of 3rd period - Shot Blocked by Daniel Alfredsson.
19:24 of 3rd period - Puck is out of play.
19:25 of 3rd period - Marcel Goc wins face-off versus Antoine Vermette in Sharks zone.
19:48 of 3rd period - Backhand shot by Brandon Yip.
19:48 of 3rd period - Stopped by Pekka Rinne with a rebound.
19:50 of 3rd period - Snap shot by David Hale.
19:50 of 3rd period - Deflect By Paul Gaustad.
19:50 of 3rd period - Shot Misses the Net.
19:50 of 3rd period - Puck is out of play.
19:51 of 3rd period - Patrik Berglund wins face-off versus Paul Gaustad in Flames zone.
Goals for this period are 0 for Sharks vs 1 for Flames.
Shots for this period are 9 for Sharks vs 7 for Flames.
Output by the SimonT Hockey Simulator (STHS) for François Prévost -- Original Page W3C XHTML 1.0 Valid